[Event "7th Leer Open-A 2024"]
[Site "Leer"]
[Date "2024.10.31"]
[Round "2.15"]
[White "Weidemann, Jakob"]
[Black "Udelnov, Valentin"]
[Result "1/2-1/2"]
[ECO "C54"]
[WhiteElo "2217"]
[BlackElo "2045"]
[Annotator "RC"]
[PlyCount "106"]
[EventDate "2024.10.14"]
[EventType "swiss"]
[EventCountry "GER"]
[SourceTitle "playchess.com"]
[Source "ChessBase"]
[SourceQuality "1"]
[TimeControl "40/5400+30:900+30"]

1. e4 e5 2. Nf3 Nc6 3. Bc4 Bc5 4. O-O Nf6 5. d3 d6 6. c3 h6 7. Re1 O-O 8. h3 Bb6 9. Nbd2 Ne7 10. Nh4 c6 11. Qf3 Nh7 12. Nf1 d5 13. Bb3 Ng6 14. Nf5 dxe4 15. dxe4 Nh4 16. Qg4 Nxf5 17. exf5 Nf6 18. Qg3 Kh8 19. Ne3 e4 20. a4 Bxe3 21. Bxe3 Bxf5 22. Bc5 Qd2 23. Bxf8 Rxf8 24. Qe3 Qxe3 25. fxe3 Nd5 26. Rad1 Be6 27. Bxd5 cxd5 28. Rd4 b6 29. Rb4 Rb8 30. b3 Rc8 31. Rc1 Rc6 32. a5 bxa5 33. Ra4 Rc5 34. Kf2 Rb5 35. Ra3 g6 36. Ke1 a4 37. b4 d4 38. Rxa4 dxe3 39. Rxa7 Bc4 40. Rc7 Bd3 41. g4 Kg7 42. Rd1 Rd5 43. c4 Rd6 44. Re7 Rd4 45. Rxe4 Rxe4 46. Rxd3 Rxc4 47. Rb3 f5 48. gxf5 gxf5 49. Ke2 f4 50. Kf3 Rc2 51. Kxf4 e2 52. Re3 Rb2 53. b5 Rxb5 1/2-1/2

[Event "7th Leer Open-A 2024"]
[Site "Leer"]
[Date "2024.10.31"]
[Round "2.16"]
[White "Kort, Felix"]
[Black "Hielscher, Fabian"]
[Result "1-0"]
[ECO "D36"]
[WhiteElo "2005"]
[BlackElo "1872"]
[Annotator "RC"]
[PlyCount "105"]
[EventDate "2024.10.14"]
[EventType "swiss"]
[EventCountry "GER"]
[SourceTitle "playchess.com"]
[Source "ChessBase"]
[SourceQuality "1"]
[TimeControl "40/5400+30:900+30"]

1. d4 d5 2. c4 e6 3. Nc3 Nf6 4. cxd5 exd5 5. Bg5 Nbd7 6. e3 c6 7. Bd3 Be7 8. Nge2 O-O 9. Qc2 Re8 10. O-O Nf8 11. Rab1 a5 12. a3 Ne4 13. Bxe7 Qxe7 14. Bxe4 dxe4 15. Ng3 f5 16. f3 exf3 17. Rxf3 g6 18. e4 f4 19. Nge2 g5 20. e5 Bg4 21. Rf2 Nd7 22. Rd1 Qf7 23. Ne4 Qg6 24. h3 Bf5 25. N2c3 Kh8 26. Qe2 g4 27. Rxf4 gxh3 28. Nd6 Rf8 29. Nxf5 Rxf5 30. Rxf5 Qxf5 31. Rf1 Qe6 32. Rf3 Rg8 33. g3 Qg4 34. Qf2 Qg6 35. Kh2 c5 36. Nd5 Qe6 37. Nf6 Nxf6 38. Rxf6 Qe8 39. Rf7 Qe6 40. Rf6 Qd5 41. Rd6 Qg2+ 42. Qxg2 hxg2 43. Kxg2 Re8 44. dxc5 Rxe5 45. b4 Re2+ 46. Kf1 Re3 47. Rd8+ Kg7 48. Rd7+ Kg6 49. Rxb7 Rxa3 50. b5 Rc3 51. c6 a4 52. Ra7 a3 53. Rxa3 1-0

[Event "7th Leer Open-A 2024"]
[Site "Leer"]
[Date "2024.10.31"]
[Round "2.17"]
[White "Rolf, Marco"]
[Black "Keyser, Robin"]
[Result "0-1"]
[ECO "D41"]
[WhiteElo "2059"]
[BlackElo "2225"]
[Annotator "RC"]
[PlyCount "54"]
[EventDate "2024.10.14"]
[EventType "swiss"]
[EventCountry "GER"]
[SourceTitle "playchess.com"]
[Source "ChessBase"]
[SourceQuality "1"]
[TimeControl "40/5400+30:900+30"]

1. d4 Nf6 2. c4 e6 3. Nc3 d5 4. cxd5 Nxd5 5. e4 Nxc3 6. bxc3 c5 7. Nf3 cxd4 8. cxd4 Bb4+ 9. Bd2 Bxd2+ 10. Qxd2 O-O 11. Bc4 Nd7 12. O-O b6 13. Rfe1 Bb7 14. Rad1 Rc8 15. Bd3 Nf6 16. Qf4 h6 17. d5 exd5 18. e5 Qc7 19. Nd4 Ne4 20. Nf5 Rce8 21. f3 Qc5+ 22. Re3 g5 23. Qg4 Bc8 24. Rde1 Rxe5 25. Nxh6+ Kg7 26. Qh5 Nf6 27. Nf5+ Rxf5 0-1

[Event "7th Leer Open-A 2024"]
[Site "Leer"]
[Date "2024.10.31"]
[Round "2.18"]
[White "Ritscher, Jan-Paul"]
[Black "Tymura, Achim"]
[Result "1-0"]
[ECO "D45"]
[WhiteElo "2208"]
[BlackElo "2035"]
[Annotator "RC"]
[PlyCount "79"]
[EventDate "2024.10.14"]
[EventType "swiss"]
[EventCountry "GER"]
[SourceTitle "playchess.com"]
[Source "ChessBase"]
[SourceQuality "1"]
[TimeControl "40/5400+30:900+30"]

1. d4 d5 2. c4 c6 3. Nf3 e6 4. Nc3 Nf6 5. Qc2 Nbd7 6. e4 dxe4 7. Nxe4 Nxe4 8. Qxe4 Bb4+ 9. Bd2 Bxd2+ 10. Nxd2 Nf6 11. Qe3 O-O 12. Be2 Qd6 13. O-O b6 14. c5 Qc7 15. Rac1 Nd5 16. Qa3 b5 17. Rfd1 e5 18. Bf3 Be6 19. Ne4 h6 20. Nd6 exd4 21. Rxd4 Rab8 22. Qd3 Rfd8 23. Bd1 Rxd6 24. cxd6 Qxd6 25. Bb3 Qe5 26. g3 g6 27. Qd2 Rb6 28. Re1 Qf6 29. Rh4 h5 30. Qd4 Qxd4 31. Rxd4 a5 32. a3 a4 33. Ba2 Nc7 34. Bxe6 Nxe6 35. Rd6 b4 36. Re4 bxa3 37. bxa3 Nc5 38. Rc4 Nb7 39. Rdxc6 Rb1+ 40. Kg2 1-0

[Event "7th Leer Open-A 2024"]
[Site "Leer"]
[Date "2024.10.31"]
[Round "2.19"]
[White "Spiric, Igor"]
[Black "Herzwurm, Robert"]
[Result "1-0"]
[ECO "E81"]
[WhiteElo "2171"]
[BlackElo "1955"]
[Annotator "RC"]
[PlyCount "115"]
[EventDate "2024.10.14"]
[EventType "swiss"]
[EventCountry "GER"]
[SourceTitle "playchess.com"]
[Source "ChessBase"]
[SourceQuality "1"]
[TimeControl "40/5400+30:900+30"]

1. d4 Nf6 2. c4 g6 3. Nc3 Bg7 4. e4 d6 5. f3 O-O 6. Be3 c5 7. dxc5 dxc5 8. Qxd8 Rxd8 9. e5 Ne8 10. Nd5 Nc6 11. O-O-O Be6 12. Bxc5 Bxe5 13. f4 Bg7 14. Nf3 Rdc8 15. Kb1 Nf6 16. Ng5 Bg4 17. Re1 Bf5+ 18. Ka1 Nxd5 19. cxd5 Nd4 20. Bxd4 Bxd4 21. Nf3 Bf6 22. Ne5 Be4 23. Rg1 Bxd5 24. Bd3 Rc7 25. g3 Rac8 26. Kb1 Bg7 27. h4 Rd8 28. Rc1 Bxe5 29. fxe5 Bc6 30. Bc2 Rd2 31. Rge1 Bd5 32. Bxg6 Bxa2+ 33. Kxa2 Rxc1 34. Bxh7+ Kxh7 35. Rxc1 Rd5 36. e6 fxe6 37. Rc7 Ra5+ 38. Kb1 Rb5 39. Rxe7+ Kg6 40. Rxe6+ Kf5 41. Rh6 Rb4 42. Rh5+ Kf6 43. Rc5 Rg4 44. Rc3 Rb4 45. Kc2 Kf5 46. Rb3 Rc4+ 47. Kd3 Rc7 48. Rb5+ Kg4 49. Rg5+ Kf3 50. h5 a5 51. h6 b5 52. Rxb5 Kxg3 53. Rxa5 Kg4 54. b4 Rc6 55. h7 Rh6 56. b5 Rxh7 57. b6 Kf4 58. Rb5 1-0

[Event "7th Leer Open-A 2024"]
[Site "Leer"]
[Date "2024.10.31"]
[Round "2.20"]
[White "Boehme, Arne"]
[Black "Wilmink, Anna"]
[Result "1-0"]
[ECO "B29"]
[WhiteElo "2137"]
[BlackElo "1908"]
[Annotator "RC"]
[PlyCount "75"]
[EventDate "2024.10.14"]
[EventType "swiss"]
[EventCountry "GER"]
[SourceTitle "playchess.com"]
[Source "ChessBase"]
[SourceQuality "1"]
[TimeControl "40/5400+30:900+30"]

1. e4 c5 2. Nf3 Nf6 3. e5 Nd5 4. Nc3 e6 5. Ne4 f5 6. Nc3 Nc6 7. Bc4 Nb6 8. d3 a6 9. Bb3 Qc7 10. Bf4 Na5 11. O-O Nxb3 12. axb3 d5 13. exd6 Bxd6 14. Bxd6 Qxd6 15. Re1 O-O 16. Qe2 Bd7 17. Qe5 Qxe5 18. Rxe5 Rac8 19. Ra5 Rf6 20. Rexc5 Bc6 21. Ne5 Nd7 22. Rxc6 bxc6 23. Nxd7 Rf7 24. Ne5 Ra7 25. Na4 Kf8 26. Nc5 Ke7 27. d4 Kf6 28. Kf1 g5 29. Ke2 h5 30. Rxa6 Rxa6 31. Nxa6 Ra8 32. Nb4 Ra1 33. Nbxc6 Rb1 34. Nd3 Rh1 35. b4 e5 36. b5 e4 37. Ne1 f4 38. b6 1-0

[Event "7th Leer Open-A 2024"]
[Site "Leer"]
[Date "2024.10.31"]
[Round "2.21"]
[White "Capelja, Christian"]
[Black "Kaeding, Rainer"]
[Result "1/2-1/2"]
[ECO "D31"]
[WhiteElo "2023"]
[BlackElo "2155"]
[Annotator "RC"]
[PlyCount "47"]
[EventDate "2024.10.14"]
[EventType "swiss"]
[EventCountry "GER"]
[SourceTitle "playchess.com"]
[Source "ChessBase"]
[SourceQuality "1"]
[TimeControl "40/5400+30:900+30"]

1. d4 d5 2. c4 e6 3. Nf3 c6 4. Nc3 dxc4 5. a4 Bb4 6. g3 b5 7. Bg2 Bb7 8. O-O a6 9. Ne5 Qc8 10. axb5 cxb5 11. d5 f6 12. Nf7 Kxf7 13. dxe6+ Ke8 14. Nd5 Bxd5 15. Qxd5 Ra7 16. Be3 Ne7 17. Qh5+ g6 18. Qf3 Bc5 19. Qxf6 Rf8 20. Qe5 Rf5 21. Qh8+ Rf8 22. Qe5 Rf5 23. Qh8+ Rf8 24. Qe5 1/2-1/2

[Event "7th Leer Open-A 2024"]
[Site "Leer"]
[Date "2024.10.31"]
[Round "2.22"]
[White "Gremmel, Jonas Simon"]
[Black "Schaefer, Maik"]
[Result "1-0"]
[ECO "D38"]
[WhiteElo "2100"]
[BlackElo "1914"]
[Annotator "RC"]
[PlyCount "143"]
[EventDate "2024.10.14"]
[EventType "swiss"]
[EventCountry "GER"]
[SourceTitle "playchess.com"]
[Source "ChessBase"]
[SourceQuality "1"]
[TimeControl "40/5400+30:900+30"]

1. d4 Nf6 2. Nf3 d5 3. c4 e6 4. Nc3 Bb4 5. Qa4+ Nc6 6. e3 O-O 7. Bd3 dxc4 8. Bxc4 Bd6 9. O-O e5 10. dxe5 Nxe5 11. Nxe5 Bxe5 12. Rd1 Qe7 13. Be2 Bd7 14. Qc4 Bc6 15. Bd2 Rfd8 16. Be1 a6 17. Rxd8+ Rxd8 18. Rd1 Rxd1 19. Nxd1 Bb5 20. Qc2 Bxe2 21. Qxe2 Nd5 22. Qd3 c6 23. g3 g6 24. e4 Nc7 25. f4 Qd6 26. Qxd6 Bxd6 27. Kf1 Kf8 28. Ke2 Ne6 29. Bc3 Ke8 30. Nf2 c5 31. Kd3 b5 32. b3 h5 33. Nd1 Kd7 34. Ne3 Nc7 35. e5 Bf8 36. Ke4 Kc6 37. h3 Ne6 38. Nd5 Ng7 39. Be1 Ne6 40. Bc3 Ng7 41. Ne3 Ne6 42. g4 hxg4 43. hxg4 Bh6 44. g5 Bf8 45. Ng4 b4 46. Bb2 Kd7 47. Nf6+ Kc6 48. Nd5 Ng7 49. Ne3 Ne6 50. Nc4 Be7 51. Nd2 Ng7 52. Nf3 Nf5 53. e6 Nd6+ 54. Ke5 c4 55. exf7 c3 56. Bc1 Kd7 57. f8=N+ Bxf8 58. Kf6 Ne4+ 59. Kxg6 Nc5 60. Nd4 Nd3 61. Ne2 a5 62. Kf7 Bd6 63. g6 Nxc1 64. Nxc1 Bxf4 65. g7 Bxc1 66. g8=Q Ba3 67. Qg6 Bb2 68. Qd3+ Kc6 69. Ke6 Kb6 70. Qc4 Bc1 71. Kd7 Be3 72. Qe6+ 1-0

[Event "7th Leer Open-A 2024"]
[Site "Leer"]
[Date "2024.10.31"]
[Round "2.23"]
[White "Lippert, Daniel"]
[Black "Goldenstein, Arnd"]
[Result "0-1"]
[ECO "C82"]
[WhiteElo "2112"]
[BlackElo "1856"]
[Annotator "RC"]
[PlyCount "90"]
[EventDate "2024.10.14"]
[EventType "swiss"]
[EventCountry "GER"]
[SourceTitle "playchess.com"]
[Source "ChessBase"]
[SourceQuality "1"]
[TimeControl "40/5400+30:900+30"]

1. e4 e5 2. Nf3 Nc6 3. Bb5 a6 4. Ba4 Nf6 5. O-O Nxe4 6. d4 b5 7. Bb3 d5 8. dxe5 Be6 9. c3 Bc5 10. Nbd2 O-O 11. Bc2 Nxf2 12. Rxf2 f6 13. Nf1 Bxf2+ 14. Kxf2 fxe5 15. Kg1 Qd6 16. Ng5 Bf5 17. Bxf5 Rxf5 18. Nf3 Ne7 19. Bg5 c6 20. a4 Ng6 21. Ng3 Qc5+ 22. Kh1 Rf7 23. Qe2 Re8 24. axb5 axb5 25. Be3 Qf8 26. Qd2 Nf4 27. Bxf4 Rxf4 28. Ra6 e4 29. Ng1 e3 30. Qd3 Rf6 31. Ra7 Rf2 32. Nh5 Rd2 33. Rxg7+ Qxg7 34. Nxg7 Rxd3 35. Nxe8 Rd1 36. Nf6+ Kf7 37. Ng4 e2 38. Ne5+ Ke6 39. Nef3 e1=Q 40. Nxe1 Rxe1 41. h4 Rb1 42. Kh2 Rxb2 43. Nf3 c5 44. Ng5+ Kf5 45. Nxh7 Rb3 0-1

[Event "7th Leer Open-A 2024"]
[Site "Leer"]
[Date "2024.10.31"]
[Round "2.24"]
[White "Langenberg, Magnus"]
[Black "Wagner, Jan"]
[Result "0-1"]
[ECO "B07"]
[WhiteElo "2026"]
[BlackElo "2137"]
[Annotator "RC"]
[PlyCount "98"]
[EventDate "2024.10.14"]
[EventType "swiss"]
[EventCountry "GER"]
[SourceTitle "playchess.com"]
[Source "ChessBase"]
[SourceQuality "1"]
[TimeControl "40/5400+30:900+30"]

1. e4 g6 2. d4 Bg7 3. Nf3 d6 4. h3 Nf6 5. Bd3 O-O 6. O-O Nbd7 7. c3 e5 8. Re1 h6 9. a4 Re8 10. Nbd2 Nh5 11. Nc4 Qf6 12. a5 a6 13. Bf1 Nf8 14. Kh2 Nf4 15. g3 Nxh3 16. Bxh3 Bxh3 17. Nxd6 cxd6 18. Kxh3 exd4 19. cxd4 Rxe4 20. Rxe4 Qf5+ 21. Rg4 h5 22. Nh2 hxg4+ 23. Nxg4 Ne6 24. Be3 Rc8 25. Ra4 Qd5 26. Nh2 Rc5 27. Qd2 Rb5 28. Rb4 Rxb4 29. Qxb4 Bxd4 30. Bxd4 Nxd4 31. Qb6 Ne6 32. f4 Nc5 33. Qb4 Nd3 34. Qd2 Qh5+ 35. Kg2 Qd5+ 36. Kh3 Qe6+ 37. Ng4 Nc5 38. Qd4 Kf8 39. b4 Nd7 40. Kh4 Qe7+ 41. Kh3 Qe6 42. Kh4 Ke7 43. Qd2 Qf5 44. Qe2+ Kd8 45. Ne3 Qe4 46. Kg5 d5 47. Qd2 d4 48. Nd1 Qh1 49. g4 Qh7 0-1

[Event "7th Leer Open-A 2024"]
[Site "Leer"]
[Date "2024.10.31"]
[Round "2.25"]
[White "Mueller-Ludwig, Kristin"]
[Black "Kummerow, Heiko"]
[Result "0-1"]
[ECO "B90"]
[WhiteElo "1971"]
[BlackElo "2074"]
[Annotator "RC"]
[PlyCount "80"]
[EventDate "2024.10.14"]
[EventType "swiss"]
[EventCountry "GER"]
[SourceTitle "playchess.com"]
[Source "ChessBase"]
[SourceQuality "1"]
[TimeControl "40/5400+30:900+30"]

1. e4 c5 2. Nf3 d6 3. d4 cxd4 4. Nxd4 Nf6 5. Nc3 a6 6. Be3 e5 7. Nb3 Be7 8. a4 Be6 9. Nd5 Nbd7 10. f3 Bxd5 11. exd5 Nb6 12. c4 Rc8 13. Nd2 a5 14. Bd3 Nh5 15. Qb3 Nd7 16. Bf5 Rc7 17. Qb5 O-O 18. Bxd7 Rxd7 19. Bb6 Qc8 20. g3 Bg5 21. Bxa5 Bxd2+ 22. Kxd2 e4 23. fxe4 Nf6 24. Rae1 Re8 25. e5 dxe5 26. Bc3 Rc7 27. b3 Nxd5 28. cxd5 Rxc3 29. Qxe8+ Qxe8 30. Kxc3 Qe7 31. Rd1 Qd6 32. Rhe1 Kf8 33. Re4 Ke7 34. Rb4 Qc5+ 35. Rc4 Qe3+ 36. Kc2 Kd6 37. a5 e4 38. a6 bxa6 39. Rc6+ Kd7 40. Rxa6 Qe2+ 0-1

[Event "7th Leer Open-A 2024"]
[Site "Leer"]
[Date "2024.10.31"]
[Round "2.26"]
[White "Vandenhole, Kobe"]
[Black "Kutz, Ida Klara"]
[Result "1-0"]
[ECO "B12"]
[WhiteElo "2128"]
[BlackElo "1802"]
[Annotator "RC"]
[PlyCount "79"]
[EventDate "2024.10.14"]
[EventType "swiss"]
[EventCountry "GER"]
[SourceTitle "playchess.com"]
[Source "ChessBase"]
[SourceQuality "1"]
[TimeControl "40/5400+30:900+30"]

1. e4 c6 2. d4 d5 3. e5 Bf5 4. h4 h6 5. g4 Bd7 6. Nd2 c5 7. dxc5 Qc7 8. f4 Qxc5 9. c3 Qe3+ 10. Ne2 Bxg4 11. Nb3 Bxe2 12. Bxe3 Bxd1 13. Rxd1 e6 14. Bb5+ Kd8 15. c4 a6 16. Bb6+ Kc8 17. cxd5 Bb4+ 18. Kf2 axb5 19. Rc1+ Nc6 20. dxc6 bxc6 21. a3 Kb7 22. Be3 Be7 23. h5 b4 24. axb4 Bxb4 25. Rc4 Be7 26. Nc5+ Kb6 27. Rhc1 Kc7 28. Ne4 Bh4+ 29. Kg2 Ne7 30. Kh3 Ra6 31. Bc5 f5 32. exf6 Bxf6 33. Nxf6 Nd5 34. Nxd5+ exd5 35. R4c3 Re8 36. Rg1 Rg8 37. Rg6 Ra4 38. f5 d4 39. Rcg3 Rc4 40. b4 1-0

[Event "7th Leer Open-A 2024"]
[Site "Leer"]
[Date "2024.10.31"]
[Round "2.27"]
[White "Weirauch, Kevin"]
[Black "Brandes, Stephan"]
[Result "0-1"]
[ECO "C41"]
[WhiteElo "1850"]
[BlackElo "2125"]
[Annotator "RC"]
[PlyCount "92"]
[EventDate "2024.10.14"]
[EventType "swiss"]
[EventCountry "GER"]
[SourceTitle "playchess.com"]
[Source "ChessBase"]
[SourceQuality "1"]
[TimeControl "40/5400+30:900+30"]

1. Nf3 d6 2. d4 Nd7 3. e4 e5 4. Bc4 Be7 5. O-O c6 6. c3 b5 7. Bb3 Bb7 8. Qe2 a6 9. a4 h6 10. Rd1 Qc7 11. Nbd2 Ngf6 12. Nf1 Kf8 13. Ng3 g6 14. h4 Re8 15. Nh2 bxa4 16. Bxa4 d5 17. h5 exd4 18. hxg6 fxg6 19. Ng4 Kg7 20. cxd4 Nxg4 21. Qxg4 Nf6 22. Qf3 dxe4 23. Nxe4 Nxe4 24. Qxe4 Bf6 25. Qd3 Rd8 26. Bc2 Qf7 27. Bb3 Qd7 28. Bc2 Qg4 29. Ra4 c5 30. d5 Bd4 31. Rxd4 cxd4 32. Qxd4+ Qxd4 33. Rxd4 Rxd5 34. Be3 Rc8 35. Be4 Rc1+ 36. Bxc1 Rxd4 37. Bxh6+ Kxh6 38. Bxb7 a5 39. b3 Rd3 40. Kh2 Rxb3 41. Bc6 Kg5 42. g3 Rb4 43. Kh3 a4 44. f4+ Kf6 45. Bd5 Rd4 46. Bg8 a3 0-1

[Event "7th Leer Open-A 2024"]
[Site "Leer"]
[Date "2024.10.31"]
[Round "2.28"]
[White "Porth, Hartmut"]
[Black "Hansch, Karsten"]
[Result "0-1"]
[ECO "B21"]
[WhiteElo "1982"]
[BlackElo "2209"]
[Annotator "RC"]
[PlyCount "86"]
[EventDate "2024.10.14"]
[EventType "swiss"]
[EventCountry "GER"]
[SourceTitle "playchess.com"]
[Source "ChessBase"]
[SourceQuality "1"]
[TimeControl "40/5400+30:900+30"]

1. e4 c5 2. d3 Nc6 3. f4 d5 4. Be2 e6 5. c3 Bd6 6. Nf3 Nge7 7. O-O O-O 8. Kh1 f6 9. Na3 b6 10. Qe1 Ba6 11. d4 Bxe2 12. Qxe2 cxd4 13. exd5 exd5 14. Qe6+ Kh8 15. Nb5 Bc5 16. Nfxd4 Bxd4 17. Nxd4 Nxd4 18. cxd4 Re8 19. Bd2 Ng8 20. Qh3 Re2 21. Qd3 Qe7 22. Rae1 Re8 23. Kg1 Qe4 24. Qxe4 R8xe4 25. Rxe2 Rxe2 26. Bc3 h5 27. Re1 Rxe1+ 28. Bxe1 Kh7 29. Kf2 Kg6 30. Kf3 Ne7 31. a4 Nc6 32. Ke3 Kf5 33. h3 Ke6 34. g4 hxg4 35. hxg4 f5 36. gxf5+ Kxf5 37. b4 Kg4 38. b5 Na5 39. Bb4 Nc4+ 40. Kd3 Kxf4 41. a5 Nxa5 42. Bd6+ Kf3 43. Bb8 Nc4 0-1

[Event "7th Leer Open-A 2024"]
[Site "Leer"]
[Date "2024.10.31"]
[Round "2.29"]
[White "Kirschbaum, Gunnar"]
[Black "De Boer, Bas"]
[Result "0-1"]
[ECO "E32"]
[WhiteElo "1965"]
[BlackElo "2174"]
[Annotator "RC"]
[PlyCount "78"]
[EventDate "2024.10.14"]
[EventType "swiss"]
[EventCountry "GER"]
[SourceTitle "playchess.com"]
[Source "ChessBase"]
[SourceQuality "1"]
[TimeControl "40/5400+30:900+30"]

1. d4 Nf6 2. c4 e6 3. Nc3 Bb4 4. Qc2 O-O 5. Nf3 d5 6. Bg5 c5 7. e3 h6 8. Bxf6 Qxf6 9. a3 Bxc3+ 10. Qxc3 dxc4 11. Bxc4 cxd4 12. Qxd4 Qe7 13. Rd1 Nc6 14. Qd6 Qf6 15. Qd2 Rd8 16. Qc3 Rxd1+ 17. Kxd1 e5 18. Bd5 Bg4 19. Bxc6 bxc6 20. e4 Bxf3+ 21. Qxf3 Qe6 22. Kc2 Rd8 23. Kb1 Rd4 24. Qf5 Qxf5 25. exf5 Rd2 26. Rc1 Rxf2 27. Rxc6 Rxf5 28. Rc8+ Kh7 29. Ra8 Rf2 30. Rxa7 f5 31. Re7 Rxg2 32. Rxe5 f4 33. h4 g5 34. hxg5 hxg5 35. Rf5 Kg6 36. Rf8 Re2 37. b4 Re5 38. a4 Kg7 39. Rc8 f3 0-1

[Event "7th Leer Open-A 2024"]
[Site "Leer"]
[Date "2024.10.31"]
[Round "2.30"]
[White "Piepenhagen, Eric"]
[Black "Helms, Finn"]
[Result "1/2-1/2"]
[ECO "B15"]
[WhiteElo "1901"]
[BlackElo "2149"]
[Annotator "RC"]
[PlyCount "41"]
[EventDate "2024.10.14"]
[EventType "swiss"]
[EventCountry "GER"]
[SourceTitle "playchess.com"]
[Source "ChessBase"]
[SourceQuality "1"]
[TimeControl "40/5400+30:900+30"]

1. e4 c6 2. d4 d5 3. Nd2 dxe4 4. Nxe4 Nf6 5. Nxf6+ exf6 6. c3 Bd6 7. Bd3 O-O 8. Ne2 Re8 9. O-O Nd7 10. Ng3 Nf8 11. f4 Bc7 12. Qf3 Qd5 13. Be4 Qa5 14. b4 Qb5 15. a4 Qc4 16. a5 a6 17. f5 Bxg3 18. hxg3 h6 19. Bd2 Nh7 20. Rae1 Bd7 21. g4 1/2-1/2

[Event "7th Leer Open-A 2024"]
[Site "Leer"]
[Date "2024.10.31"]
[Round "2.31"]
[White "Schier, Richard"]
[Black "Graf, David"]
[Result "0-1"]
[ECO "A17"]
[WhiteElo "1881"]
[BlackElo "1782"]
[Annotator "NA RC"]
[PlyCount "50"]
[EventDate "2024.10.14"]
[EventType "swiss"]
[EventCountry "GER"]
[SourceTitle "playchess.com"]
[Source "ChessBase"]
[SourceQuality "1"]
[TimeControl "40/5400+30:900+30"]

1. Nf3 Nf6 2. c4 e6 3. Nc3 Bb4 4. Qc2 Bxc3 5. Qxc3 c5 6. e3 O-O 7. b3 Nc6 8. Bb2 b6 9. Be2 Bb7 10. g4 d5 11. Rg1 e5 12. cxd5 Nxd5 13. Qc2 Ndb4 14. Qb1 Re8 15. a3 Nd5 16. h4 e4 17. Ng5 Qe7 18. Bf3 Nf6 19. Bxf6 Qxf6 20. Bxe4 h6 21. Bh7+ Kh8 22. Ne4 Qe7 23. h5 Ne5 24. Ke2 Ba6+ 25. Kd1 Bd3 0-1

[Event "7th Leer Open-A 2024"]
[Site "Leer"]
[Date "2024.10.31"]
[Round "2.33"]
[White "Dorendorf, Mika"]
[Black "Aden, Dagmar"]
[Result "0-1"]
[ECO "D52"]
[WhiteElo "2045"]
[BlackElo "1865"]
[Annotator "RC"]
[PlyCount "70"]
[EventDate "2024.10.14"]
[EventType "swiss"]
[EventCountry "GER"]
[SourceTitle "playchess.com"]
[Source "ChessBase"]
[SourceQuality "1"]
[TimeControl "40/5400+30:900+30"]

1. d4 d5 2. c4 e6 3. Nc3 Nf6 4. cxd5 exd5 5. Bg5 c6 6. e3 Nbd7 7. Bd3 Qa5 8. Qc2 Bb4 9. Nf3 O-O 10. O-O Re8 11. a3 Bxc3 12. bxc3 Ne4 13. Bxe4 dxe4 14. Ne5 Nxe5 15. dxe5 Qxe5 16. Bf4 Qh5 17. Rad1 Bg4 18. Rd4 Qg6 19. Rd6 Qh5 20. Rb1 Qa5 21. a4 Qa6 22. Rb4 Rad8 23. Rxe4 Be6 24. Red4 Rxd6 25. Rxd6 Qa5 26. h3 h6 27. Rd4 c5 28. Rd6 Rd8 29. Kh2 Rxd6 30. Bxd6 Bd7 31. Qe4 Bc6 32. Qe7 Qxc3 33. Qf8+ Kh7 34. Qxf7 Qf6 35. Qc7 Qxf2 0-1

[Event "7th Leer Open-A 2024"]
[Site "Leer"]
[Date "2024.10.31"]
[Round "2.34"]
[White "Arnz, Tom Niklas"]
[Black "Popvasilev, Kaloyan"]
[Result "0-1"]
[ECO "B67"]
[WhiteElo "1865"]
[BlackElo "2237"]
[Annotator "RC"]
[PlyCount "52"]
[EventDate "2024.10.14"]
[EventType "swiss"]
[EventCountry "GER"]
[SourceTitle "playchess.com"]
[Source "ChessBase"]
[SourceQuality "1"]
[TimeControl "40/5400+30:900+30"]

1. e4 c5 2. Nf3 d6 3. d4 Nf6 4. Nc3 cxd4 5. Nxd4 Nc6 6. Bg5 e6 7. Qd2 a6 8. O-O-O Bd7 9. f4 b5 10. f5 b4 11. fxe6 fxe6 12. Nce2 Nxe4 13. Bxd8 Nxd2 14. Nxc6 Bxc6 15. Nd4 Bd7 16. Rxd2 Kxd8 17. Bd3 g6 18. Rf2 Bh6+ 19. Kb1 Be3 20. Nxe6+ Bxe6 21. Re2 Re8 22. Rhe1 Bd2 23. Rd1 Bf4 24. g3 Be5 25. Be4 Rb8 26. Bc6 Bd7 0-1

[Event "7th Leer Open-A 2024"]
[Site "Leer"]
[Date "2024.10.31"]
[Round "2.35"]
[White "Wagner, Benjamin"]
[Black "de Vries, Carsten"]
[Result "1-0"]
[ECO "B15"]
[WhiteElo "2217"]
[BlackElo "1932"]
[Annotator "RC"]
[PlyCount "107"]
[EventDate "2024.10.14"]
[EventType "swiss"]
[EventCountry "GER"]
[SourceTitle "playchess.com"]
[Source "ChessBase"]
[SourceQuality "1"]
[TimeControl "40/5400+30:900+30"]

1. e4 c6 2. d4 d5 3. Nc3 dxe4 4. Nxe4 Nf6 5. Nxf6+ exf6 6. c3 Bd6 7. Bd3 O-O 8. Qc2 Re8+ 9. Ne2 h5 10. Be3 h4 11. O-O-O Nd7 12. c4 Nf8 13. Kb1 b5 14. c5 Bc7 15. d5 cxd5 16. Bxb5 Rb8 17. Bxe8 Qxe8 18. Nd4 Ne6 19. Rhe1 g6 20. Ka1 Rb4 21. Nxe6 Bxe6 22. Qc3 Qb8 23. Bd4 Rc4 24. Qe3 Ba5 25. Bxf6 Kh7 26. Re2 Bb4 27. Bd4 Ba5 28. Rc1 Rxc1+ 29. Qxc1 Qxh2 30. b4 Bc7 31. f3 Bf4 32. Qe1 a6 33. Bg1 Qh1 34. Be3 Be5+ 35. Kb1 Qxe1+ 36. Rxe1 Bc3 37. Rh1 Bf5+ 38. Kc1 h3 39. g4 Bd7 40. Rxh3+ Kg7 41. Bd2 Bd4 42. Rh1 Kf8 43. Rd1 Bf6 44. Be3 Bc6 45. Bd4 Bg5+ 46. Kb2 Ke8 47. Kb3 Bb5 48. a4 Bc4+ 49. Kc3 Kd7 50. Rh1 Be2 51. Rh7 Ke6 52. c6 Bd8 53. Rh8 Bc7 54. Re8+ 1-0

[Event "7th Leer Open-A 2024"]
[Site "Leer"]
[Date "2024.10.31"]
[Round "2.36"]
[White "Gellrich, Peter"]
[Black "Direk, Oguzhan"]
[Result "1-0"]
[ECO "A84"]
[WhiteElo "2134"]
[BlackElo "1860"]
[Annotator "RC"]
[PlyCount "89"]
[EventDate "2024.10.14"]
[EventType "swiss"]
[EventCountry "GER"]
[SourceTitle "playchess.com"]
[Source "ChessBase"]
[SourceQuality "1"]
[TimeControl "40/5400+30:900+30"]

1. d4 d5 2. Nf3 c6 3. c4 e6 4. e3 f5 5. Bd3 Nf6 6. O-O Bd6 7. b3 O-O 8. Bb2 Bd7 9. Nbd2 Be8 10. Ne5 Nbd7 11. Rc1 Bxe5 12. dxe5 Ng4 13. Nf3 Bh5 14. Be2 Nh6 15. cxd5 Bxf3 16. Bxf3 cxd5 17. Bxd5 exd5 18. Qxd5+ Kh8 19. Rfd1 Qh4 20. g3 Qh3 21. Qxb7 Ng4 22. Qg2 Qxg2+ 23. Kxg2 Nb6 24. h3 Nh6 25. e6 Ng8 26. Rc7 Nf6 27. e7 Rfe8 28. Rd8 Rexd8 29. exd8=Q+ Rxd8 30. Rxa7 Ra8 31. Rxa8+ Nxa8 32. Bxf6 gxf6 33. Kf3 Kg7 34. Kf4 Kg6 35. e4 fxe4 36. Kxe4 Nc7 37. a4 Kf7 38. Kd4 Ke6 39. Kc5 Ke5 40. b4 Ke4 41. b5 Kf3 42. Kd6 Na8 43. Kc6 Kxf2 44. Kb7 Kxg3 45. Kxa8 1-0

[Event "7th Leer Open-A 2024"]
[Site "Leer"]
[Date "2024.10.31"]
[Round "2.38"]
[White "Theile-Rasche, Ingo"]
[Black "Jakob, Matthias"]
[Result "1/2-1/2"]
[ECO "B06"]
[WhiteElo "1916"]
[BlackElo "2070"]
[Annotator "RC"]
[PlyCount "40"]
[EventDate "2024.10.14"]
[EventType "swiss"]
[EventCountry "GER"]
[SourceTitle "playchess.com"]
[Source "ChessBase"]
[SourceQuality "1"]
[TimeControl "40/5400+30:900+30"]

1. Nc3 g6 2. e4 Bg7 3. Nf3 d6 4. Bc4 c6 5. O-O e5 6. d4 Qc7 7. dxe5 dxe5 8. Ng5 Nh6 9. Be3 O-O 10. h3 Kh8 11. Qc1 b5 12. Bb3 a5 13. a3 Ba6 14. Rd1 Nd7 15. Ne6 fxe6 16. Bxh6 Nc5 17. Be3 Qe7 18. f3 Rfd8 19. Rxd8+ Rxd8 20. Qe1 Bc8 1/2-1/2